 Dungeon Crawl Stone Soup version 0.27-a0-380-g150de4c316 (webtiles) character file.

Game seed: 2005118959127021911

27 mobinator the Cudgeller (level 2, -6/27 HPs)
             Began as a Minotaur Berserker on Feb 18, 2021.
             Was a Follower of Trog.
             Mangled by a gnoll
             ... wielding a +0 spear
              (9 damage)
             ... on level 2 of the Dungeon.
             The game lasted 00:02:25 (940 turns).

mobinator the Cudgeller (Minotaur Berserker)         Turns: 940, Time: 00:02:26

Health: -6/27      AC:  3    Str: 21    XL:     2   Next: 93%
Magic:  1/1        EV: 12    Int:  4    God:    Trog [*.....]
Gold:   27         SH:  0    Dex:  9    Spells: 1/1 levels left

rFire    . . .     SeeInvis .   a - +0 mace
rCold    . . .     Faith    .   (no shield)
rNeg     . . .     Spirit   .   b - +0 animal skin
rPois    .         Reflect  .   (helmet restricted)
rElec    .         Harm     .   (no cloak)
rCorr    .         Rampage  .   (no gloves)
Will     .....                  c - +0 pair of boots
Stlth    +.........             (no amulet)
HPRegen  0.09/turn              (no ring)
MPRegen  0.07/turn              (no ring)

@: no status effects
A: retaliatory headbutt, horns 2
a: Renounce Religion, Berserk


You were on level 2 of the Dungeon.
You worshipped Trog.
Trog was aware of your devotion.
You visited 1 branch of the dungeon, and saw 2 of its levels.

You collected 27 gold pieces.

Inventory:

Hand Weapons
 a - a +0 mace (weapon)
Armour
 b - a +0 animal skin (worn)
 c - a +0 pair of boots (worn)
Scrolls
 e - 4 scrolls of identify {unknown}
Potions
 d - a potion of cancellation {unknown}
 f - a potion of flight {unknown}


   Skills:
 + Level 4.1 Fighting
 + Level 4.3 Maces & Flails
 + Level 2.7 Armour
 + Level 2.4 Dodging


You had one spell level left.
You didn't know any spells.
Your spell library was empty.

Dungeon Overview and Level Annotations

Branches:
Dungeon (2/15)

Altars:


Innate Abilities, Weirdness & Mutations

You reflexively headbutt those who attack you in melee.
You have a pair of horns on your head.


Message History

A gnoll comes into view. It is wielding a +0 flail.
Found a hand axe and 12 gold pieces.
Found a stone staircase leading up.
A gnoll is nearby!
You swing at nothing.
A gnoll comes into view. It is wielding a +0 flail.
You swing at nothing.
The gnoll shouts!
You hear a shout! x2
You swing at nothing.
A gnoll comes into view. It is wielding a +0 club.
The gnoll misses you.
You swing at nothing.
The gnoll closely misses you. You furiously retaliate!
You headbutt the gnoll!
You swing at nothing.
The gnoll hits you with a +0 flail.
You swing at nothing.
The gnoll hits you with a +0 flail.
You swing at nothing.
The gnoll closely misses you. You furiously retaliate!
You headbutt the gnoll!
You kill the gnoll!
Trog accepts your kill.
You swing at nothing.
A gnoll comes into view. It is wielding a +0 spear.
The gnoll completely misses you. You furiously retaliate!
You headbutt the gnoll.
You swing at nothing.
The gnoll shouts!
The gnoll closely misses you.
You swing at nothing.
The gnoll barely misses you.
You swing at nothing.
The gnoll hits you with a +0 flail.
You swing at nothing.
The gnoll hits you with a +0 flail.
* * * LOW HITPOINT WARNING * * *
You swing at nothing.
The gnoll closely misses you. x2
You furiously retaliate!
You headbutt the gnoll.
You swing at nothing.
The gnoll hits you from afar with a +0 spear.
* * * LOW HITPOINT WARNING * * *
The gnoll barely misses you.
You swing at nothing.
The gnoll closely misses you. The gnoll barely misses you.
The gnoll hits you but does no damage.
You swing at nothing.
The gnoll hits you from afar with a +0 spear!
You die...

####### #....<#
#.##############
#.##..........(.
#.##.###.##########
#####.##.#
#.####g.$...
#.....##.#
#>..@gg....)
#.######.#
######...... #.#
#.# .....
#.######.# ....
#.#......# ...
#.#.####### .<
#.#.#.....# .
#.#.#.....#
#.#.......#


You could see 3 gnolls.

Vanquished Creatures
  A gnoll (D:2)
  A dart slug (D:1)
  A giant cockroach (D:1)
  4 goblins (D:1)
  A hobgoblin (D:1)
  4 kobolds (D:1)
  A bat (D:1)
  A frilled lizard (D:1)
  2 rats (D:1)
16 creatures vanquished.

Notes
Turn   | Place    | Note
-------+----------+-------------------------------------------
     0 | D:1      | mobinator the Minotaur Berserker began the quest for the
                  | Orb.
     0 | D:1      | Reached XP level 1. HP: 19/19 MP: 0/0
   246 | D:1      | Reached XP level 2. HP: 9/27 MP: 1/1
   940 | D:2      | Mangled by a gnoll

Illustrated notes

Levels and vault maps discovered:
D:1:      dpeg_arrival_oval, layout_basic, kennysheep_boxes
D:2:      layout_basic, nicolae_overflow_hidden_temple, hangedman_ru_absence

Skill      XL: |  1  2 |
---------------+-------+-----
Maces & Flails | 4 |  4.3
Fighting       | 4 |  4.1
Armour         | |  2.7
Dodging        | |  2.4

Action                   || total
-------------------------++-------
Melee: Mace              ||    24
       Headbutt          ||     1
 Stab: Sleeping          ||     1
Armor: Animal skin       ||     9
Dodge: Dodged            ||    29

Table legend: (Time is in decaauts)
 A = Elapsed time spent in this place.
 B = Non-inter-level travel time spent in this place.
 C = Inter-level travel time spent in this place.
 D = Time resting spent in this place.
 E = Time spent auto-exploring this place.
 F = Levels seen in this place.
 G = Mean time per level.
                   A        B        C        D        E       F      G
               +--------+--------+--------+--------+--------+-----+--------+
         Total |    956 |    956 |      0 |     15 |    665 |   2 |  478.0 |
       Dungeon |    956 |    956 |      0 |     15 |    665 |   2 |  478.0 |
               +--------+--------+--------+--------+--------+-----+--------+

Top non-repeatable levels by time:
     D:1: 862 daAuts
     D:2: 94 daAuts
